 Dungeon Crawl Stone Soup version 0.29.1-2-gbd0b4ee654 (webtiles) character file.

Game seed: 696896503712874222

55 sapoq the Cudgeller (level 3, -1/34 HPs)
             Began as a Minotaur Berserker on Nov 26, 2022.
             Was a Follower of Trog.
             Slain by a gnoll
             ... wielding a +0 spear
              (9 damage)
             ... on level 2 of the Dungeon.
             The game lasted 00:07:05 (999 turns).

sapoq the Cudgeller (Minotaur Berserker)             Turns: 999, Time: 00:07:05

Health: -1/34      AC:  2    Str: 23    XL:     3   Next: 67%
Magic:  11/11      EV: 16    Int:  4    God:    Trog [*.....]
Gold:   28         SH:  0    Dex:  9    Spells: 2/2 levels left

rFire   . . .      SeeInvis .   a - +0 mace
rCold   . . .      Faith    .   (no shield)
rNeg    . . .      Spirit   .   b - +0 animal skin
rPois   .          Reflect  .   (helmet restricted)
rElec   +          Harm     .   (no cloak)
rCorr   .          Rampage  .   (no gloves)
Will    .....                   (no boots)
Stlth   +.........              (no amulet)
HPRegen 0.11/turn               k - ring "Ehai" {rElec MP+9 EV+4}
MPRegen 0.12/turn               (no ring)

@: no status effects
A: horns 2, retaliatory headbutt
a: Renounce Religion, Berserk


You were on level 2 of the Dungeon.
You worshipped Trog.
Trog was aware of your devotion.
You visited 1 branch of the dungeon, and saw 2 of its levels.

You collected 28 gold pieces.

Inventory:

Hand Weapons
 a - a +0 mace (weapon)
 e - a +0 club
 h - a +0 hand axe
Missiles
 f - 28 stones (quivered)
Armour
 b - a +0 animal skin (worn)
Jewellery
 k - the ring "Ehai" (left hand) {rElec MP+9 EV+4}
   (You found it on level 2 of the Dungeon)

   [ring of evasion]

   EV:        It affects your evasion (+4).
   rElec:     It insulates you from electricity.
   MP:        It affects your magic capacity (+9).
Scrolls
 d - a scroll of identify {unknown}
 g - a scroll of enchant weapon {unknown}
 i - 2 scrolls of teleportation {unknown}
Potions
 c - a potion of mutation {unknown}
 j - a potion of attraction {unknown}
 l - a potion of curing {unknown}
 m - a potion of might {unknown}


   Skills:
 + Level 4.4 Fighting
 + Level 4.6 Maces & Flails
 + Level 2.6 Armour
 + Level 2.6 Dodging


You had 2 spell levels left.
You didn't know any spells.
Your spell library was empty.

Dungeon Overview and Level Annotations

Branches:
Dungeon (2/15)

Altars:


Innate Abilities, Weirdness & Mutations

You have a pair of horns on your head.
You reflexively headbutt those who attack you in melee.


Message History

Trog accepts your kill.
k - the ring "Ehai" {rElec MP+9 EV+4}
k - the ring "Ehai" (left hand) {rElec MP+9 EV+4}
Found a fuming purple potion.
An endoplasm comes into view.
Found 3 stones.
The endoplasm quivers.
You hit the endoplasm.
You kill the endoplasm!
Trog accepts your kill.
You open the door.
There is an open door here.
m - a fuming purple potion
f - 28 stones (gained 3)
You open the door.
A gnoll comes into view.
It is wielding a +0 spear. 3 gnolls come into view.
Found a stone staircase leading up.
The gnoll shouts! x3
The gnoll closely misses you. You furiously retaliate!
You headbutt the gnoll.
There is an open door here.
The gnoll attacks as you move away! The gnoll misses you.
The gnoll hits you from afar with a +0 spear.
The gnoll completely misses you. The gnoll misses you. The gnoll misses you.
The gnoll attacks as you move away! The gnoll hits you with a +0 club.
The gnoll hits you with a +0 flail. The gnoll attacks as you move away!
The gnoll barely misses you.
You barely miss the gnoll. The gnoll hits you but does no damage.
The gnoll hits you from afar with a +0 spear.
You closely miss the gnoll. Your headbutt misses the gnoll.
The gnoll misses you. You furiously retaliate!
You headbutt the gnoll.
The gnoll hits you from afar with a +0 spear!
* * * LOW HITPOINT WARNING * * *
You hit the gnoll. Your headbutt misses the gnoll.
The gnoll is severely wounded.
The gnoll hits you with a +0 club.
* * * LOW HITPOINT WARNING * * *
The gnoll hits you from afar with a +0 spear!
You die...

#.###########...#
#..####### ....#
##.....†..####.#.#
#...#####.#.##.###
######......##......#
#...........###.>.###
#...........####'####
#......####.#.......#
#.......@ggg........#
#......####g#.......#
#......# #.'.......#
######......####.#.......#
#...........#....'.......#
#.####.####.#.####.......#
#.# #.# #.#. #.......#
#.####.####.#. ####'####
#.........#.#...........gg#


You could see 4 gnolls.

Vanquished Creatures
  A hound (D:2)
  A dart slug (D:1)
  A ball python (D:1)
  4 endoplasms
  A giant cockroach (D:1)
  2 goblins (D:1)
  4 hobgoblins
  3 bats
  A frilled lizard (D:1)
  3 kobolds
  3 rats (D:1)
24 creatures vanquished.

Vanquished Creatures (others)
  A plant (D:2)
1 creature vanquished.

Grand Total: 25 creatures vanquished

Notes
Turn   | Place    | Note
-------+----------+-------------------------------------------
     0 | D:1      | sapoq the Minotaur Berserker began the quest for the Orb.
     0 | D:1      | Reached XP level 1. HP: 19/19 MP: 0/0
   127 | D:1      | Reached XP level 2. HP: 18/27 MP: 1/1
   564 | D:1      | You fall into a shaft and drop 1 floor!
   644 | D:2      | Reached XP level 3. HP: 15/34 MP: 2/2
   897 | D:2      | Identified the ring "Ehai" {rElec MP+9 EV+4}
   999 | D:2      | Slain by a gnoll

Illustrated notes

Levels and vault maps discovered:
D:1:      amcnicky_arrival_wind_blow, layout_basic
D:2:      layout_basic, shapermc_ecumenical_altar_mp_urbaneastern,
          kennysheep_generic_room_10

Skill      XL: |  1  2 |
---------------+-------+-----
Maces & Flails | 4 |  4.6
Fighting       | 4 |  4.4
Armour         | |  2.6
Dodging        | |  2.6

Action                   || total
-------------------------++-------
Melee: Mace              ||    50
       Headbutt          ||     6
Armor: Animal skin       ||     5
Dodge: Dodged            ||    38
